 Dungeon Crawl Stone Soup version 0.31.0-12-g77e489cdc1 (webtiles) character file.

Game seed: 2711111277285454301

77 monsoonserge the Ruffian (level 4, 0/32 HPs)
             Began as a Gnoll Shapeshifter on Mar 5, 2024.
             Frozen to death by an endoplasm (4 damage)
             ... on level 2 of the Dungeon.
             The game lasted 00:04:18 (1633 turns).

monsoonserge the Ruffian (Gnoll Shapeshifter)       Turns: 1633, Time: 00:04:18

Health: 0/32       AC:  0    Str: 15    XL:     4   Next: 34%
Magic:  5/5        EV: 17    Int: 10    God:
Gold:   59         SH:  0    Dex: 11    Spells: 5/5 levels left

rFire   . .          .
                       - Unarmed
rCold   . . .        (shield currently unavailable)
rNeg    . . .        l - melded +0 ring mail
rPois   .            (no helmet)
rElec   .            (no cloak)
rCorr   .            (no gloves)
SInv    .            (no boots)
Will    .....        (no amulet)
Stlth   +            (no ring)
HPRegen 0.25/turn    (no ring)
MPRegen 0.09/turn

%: no passive effects
@: flux-form, glowing
A: glow, contaminating, reduced hp, fangs 1, strong nose, distributed training
a: Begin Untransformation


You were on level 2 of the Dungeon.
You were something dangerously unstable.
You visited 1 branch of the dungeon, and saw 2 of its levels.

You collected 89 gold pieces.
You spent 30 gold pieces at shops.

Inventory:

Hand Weapons
 m - a +3 dagger of freezing
Missiles
 p - 6 atropa-tipped darts (quivered)
Armour
 a - a +0 animal skin
 k - a +0 leather armour
 l - a +0 ring mail (melded)
Talismans
 c - a beast talisman
 d - a flux talisman (active)
Scrolls
 g - 2 scrolls of fog {unknown}
 h - 4 scrolls of identify {unknown}
 i - a scroll of teleportation
 n - a scroll of torment {unknown}
 o - a scroll of noise {unknown}
Potions
 b - a potion of lignification
 e - 2 potions of heal wounds {unknown}
 f - a potion of enlightenment {unknown}
 j - 2 potions of cancellation


   Skills:
 + Level 2.7 Fighting
 + Level 1.1 Short Blades
 + Level 1.1 Long Blades
 + Level 1.1 Axes
 + Level 1.1 Maces & Flails
 + Level 1.1 Polearms
 + Level 1.1 Staves
 + Level 1.1 Ranged Weapons
 + Level 1.1 Throwing
 + Level 1.1 Armour
 + Level 4.6 Dodging
 + Level 1.1 Stealth
 + Level 1.1 Shields
 + Level 6.6 Unarmed Combat
 + Level 1.1 Spellcasting
 + Level 0.9 Conjurations
 + Level 0.9 Hexes
 + Level 0.9 Summonings
 + Level 0.9 Necromancy
 + Level 0.9 Translocations
 + Level 0.9 Fire Magic
 + Level 0.9 Ice Magic
 + Level 0.9 Air Magic
 + Level 0.9 Earth Magic
 + Level 0.9 Alchemy
 + Level 1.2 Invocations
 + Level 1.1 Evocations
 + Level 6.5 Shapeshifting


You had 5 spell levels left.
You didn't know any spells.
Your spell library contained the following spells:

 Spells                   Type           Power      Damage    Failure   Level
 Kiss of Death            Conj/Necr      8%         2d6       24%         1
 Momentum Strike          Conj/Tloc      4%         3d8       34%         2
 Confusing Touch          Hex            2%         N/A       56%         3
 Stone Arrow              Conj/Erth      4%         3d7       56%         3
 Animate Armour           Summ/Erth      4%         N/A       93%         4
 Dispel Undead            Necr           2%         3d7       93%         4


Dungeon Overview and Level Annotations

Branches:
Dungeon (2/15)

Altars:

Shops:
D:1 ?   D:2 !


Innate Abilities, Weirdness & Mutations

You are something dangerously unstable.
You glow with magical radiation, making you easy to see and hit.
Foes you strike become dangerously contaminated with magical radiation.
Your maximum health is decreased, since you lack skill for your form.
You are incapable of wielding weapons or throwing items.
You have very sharp teeth.
Your uncanny sense of smell can sniff out nearby items.
Your experience applies equally to all skills.


Message History

a +0 short sword; 3 stones; a +0 dagger
There is an open gate here.
Things that are here:
a +0 club; a stone You see here a +0 robe.
You open the door.
There is an open door here.
You see here a +0 short sword.
The jelly quivers.
The endoplasm quivers.
You completely miss the jelly. The jelly misses you.
The endoplasm hits the toadstool.
You hit the jelly.
The jelly begins to glow.
Your hands burn!
The jelly is moderately wounded.
The jelly hits you.
You are splashed with acid!
The endoplasm hits the toadstool.
The toadstool is destroyed!
You punch the jelly!
The jelly glows dangerously bright.
Your hands burn!
The jelly is severely wounded.
The jelly jiggles.
The jelly hits you. The acid corrodes you!
You are splashed with acid!
* * * LOW HITPOINT WARNING * * *
Unknown command.
Okay, then.
It was a potion of cancellation.
Your magical effects are unravelling.
You feel magically purged.
You are no longer corroded.
The jelly barely misses you.
You hit the jelly.
The jelly shudders as magic cascades through it!
You kill the jelly!
You have reached level 4!
You feel clever.
You barely miss the endoplasm. You bite the endoplasm.
The endoplasm is moderately wounded.
You hit the endoplasm.
The endoplasm begins to glow.
The endoplasm is severely wounded.
The endoplasm freezes you.
You are frozen.
You die...

.# #..###..####..#
#..#.##... .#
#......)......#####.......<)
.#
#.####..####.##.....#.###..∩
.# #># #..# #.##^#####.#
##.. .# ##.# #..# ### #.#
##.# .# #..# #### ###### #.#
#..# .# #.########## #......
#.# #.## .#
#)###......##JJ÷P.PP #.# #.#
#####)##.......#p# ∆ #.# #.#
##...))........#.# ∆ #.# #.#
#.#...'....[...#)#∆ #.# #.#
.###..'......#'#.# ∆ #.# #.#
## ##.##.....#.#.#∆∆ #.# #.#
.###..###....#.#.# #.###.#
#.#.### #######.## ∆ #.....#
##.## ##### ### #.#####
#<#.###...# ####### ###.#


You could see 2 endoplasms.

Vanquished Creatures
  A jelly (D:2)
  A dart slug (D:2)
  A ribbon worm (D:2)
  4 ball pythons
  3 giant cockroaches (D:1)
  2 goblins (D:2)
  4 hobgoblins (D:1)
  4 jackals (D:1)
  9 kobolds
  A quokka (D:2)
  3 bats
  3 frilled lizards
  3 rats (D:2)
39 creatures vanquished.

Notes
Turn   | Place    | Note
-------+----------+-------------------------------------------
     0 | D:1      | monsoonserge the Gnoll Shapeshifter began the quest for the
                  | Orb.
     0 | D:1      | Reached XP level 1. HP: 17/17 MP: 1/1
   176 | D:1      | Found Lunou's Magic Scroll Shop.
   218 | D:1      | Reached XP level 2. HP: 21/23 MP: 2/2
   305 | D:1      | Found a faded altar of an unknown god.
   447 | D:1      | Got the Elucidation of Spelunking and Angles
   667 | D:1      | Reached XP level 3. HP: 25/28 MP: 3/3
   778 | D:1      | Bought a scroll of teleportation for 30 gold pieces
   893 | D:2      | Reached skill level 1 in Invocations
  1307 | D:2      | Found Xiesm's Distillery.
  1533 | D:2      | Reached skill level 1 in Short Blades
  1533 | D:2      | Reached skill level 1 in Long Blades
  1533 | D:2      | Reached skill level 1 in Axes
  1533 | D:2      | Reached skill level 1 in Maces & Flails
  1533 | D:2      | Reached skill level 1 in Polearms
  1533 | D:2      | Reached skill level 1 in Staves
  1533 | D:2      | Reached skill level 1 in Ranged Weapons
  1533 | D:2      | Reached skill level 1 in Throwing
  1533 | D:2      | Reached skill level 1 in Armour
  1533 | D:2      | Reached skill level 1 in Stealth
  1533 | D:2      | Reached skill level 1 in Shields
  1533 | D:2      | Reached skill level 1 in Spellcasting
  1533 | D:2      | Reached skill level 1 in Evocations
  1632 | D:2      | Reached XP level 4. HP: 4/34 MP: 5/5
  1633 | D:2      | Frozen to death by an endoplasm

Illustrated notes

Levels and vault maps discovered:
D:1:      nzn_arrival_depleted_hourglass, layout_loops_ring,
          ebering_ecumenical_altar_webs, serial_shops,
          nicolae_shop_back_alley_shop, solitary_fountain
D:2:      cheibrodos_fertilizer, layout_loops_ring, serial_shops, shop,
          kennysheep_generic_room_5

Skill      XL: |  1  2  3 |
---------------+----------+-----
Invocations    | 1 |  1.2
Short Blades   | 1 |  1.1
Long Blades    | 1 |  1.1
Axes           | 1 |  1.1
Maces & Flails | 1 |  1.1
Polearms       | 1 |  1.1
Staves         | 1 |  1.1
Ranged Weapons | 1 |  1.1
Throwing       | 1 |  1.1
Armour         | 1 |  1.1
Stealth        | 1 |  1.1
Shields        | 1 |  1.1
Spellcasting   | 1 |  1.1
Evocations     | 1 |  1.1
Fighting       | |  2.7
Dodging        | |  4.6
Unarmed Combat | |  6.6
Conjurations   | |  0.9
Hexes          | |  0.9
Summonings     | |  0.9
Necromancy     | |  0.9
Translocations | |  0.9
Fire Magic     | |  0.9
Ice Magic      | |  0.9
Air Magic      | |  0.9
Earth Magic    | |  0.9
Alchemy        | |  0.9
Shapeshifting  | |  6.5

Action                     |  1- 3 |  4- 6 || total
---------------------------+-------+-------++-------
  Melee: Unarmed           |    83 |     2 ||    85
         Punch             |     2 |       ||     2
         Bite              |     5 |     1 ||     6
    Use: Potion            |     1 |       ||     1
   Stab: Sleeping          |     1 |       ||     1
 Armour: Animal skin       |    33 |       ||    33
         Skin              |    11 |       ||    11
  Dodge: Dodged            |    48 |       ||    48
   Form: Flux              |     2 |       ||     2
         Beast             |     1 |       ||     1
